 Dungeon Crawl Stone Soup version 0.22.1-1-ga44c0e56f4 (webtiles) character file.

2951 Jynx the Transmogrifier (level 9, 0/53 HPs)
             Began as an Octopode Transmuter on Nov 4, 2018.
             Slain by a wyvern zombie (6 damage)
             ... on level 6 of the Dungeon.
             The game lasted 00:16:41 (8862 turns).

Jynx the Transmogrifier (Octopode Transmuter)       Turns: 8862, Time: 00:16:41

Health: 0/53       AC:  2    Str:  9    XL:     9   Next: 81%
Magic:  16/19      EV: 25    Int: 16    God:
Gold:   168        SH:  0    Dex: 20    Spells: 6/21 levels left

rFire    + . .     SeeInvis +     - Unarmed
rCold    x . .     Gourm    .   (shield currently unavailable)
rNeg     . . .     Faith    .   (helmet currently unavailable)
rPois    x         Spirit   .   (no amulet)
rElec    .         Reflect  .   n - ring of see invisible
rCorr    .         Harm     .   q - ring of fire
MR       .....     Rnd*Rage +   (no ring)
Stlth    ++........             (no ring)
HPRegen  0.17/turn              (no ring)
MPRegen  0.16/turn              (no ring)
                                (no ring)
                                (no ring)

@: spider-form
A: tiny, almost no armour, stealthy swim, (amphibious), 8 rings, (constrict 8),
berserk 1
a: End Transformation


You were on level 6 of the Dungeon.
You were not hungry.
You were a venomous arachnid creature.
You visited 1 branch of the dungeon, and saw 6 of its levels.

You collected 168 gold pieces.

Inventory:

Missiles
 a - 94 arrows
Jewellery
 n - a ring of see invisible (left front leg)
 q - a ring of fire (right front leg)
Wands
 i - a wand of acid (4)
 j - a wand of random effects (32)
 p - a wand of clouds (5)
Scrolls
 d - 3 scrolls of identify
 h - 9 scrolls of remove curse {unknown}
 k - 3 scrolls of teleportation {unknown}
 m - 3 scrolls of enchant armour {unknown}
 o - a scroll of fog {unknown}
 t - a scroll of amnesia {unknown}
Potions
 b - 2 potions of brilliance
 e - a potion of resistance {unknown}
 f - 2 potions of ambrosia {unknown}
 g - 4 potions of heal wounds {unknown}
 l - 3 potions of flight {unknown}
 r - a potion of curing {unknown}
Comestibles
 c - 14 rations
 s - a chunk of flesh


   Skills:
 - Level 1.0 Fighting
 + Level 6.1 Dodging
 + Level 5.6 Unarmed Combat
 * Level 6.7 Spellcasting
 * Level 8.6 Transmutations


You had 6 spell levels left.
You knew the following spells:

 Your Spells              Type           Power        Failure   Level  Hunger
a - Beastly Appendage     Tmut           ####..       3%          1    None
b - Sticks to Snakes      Tmut           ####....     3%          2    None
c - Spider Form           Tmut/Pois      ###.......   19%         3    ##.....
d - Blade Hands           Tmut           ####......   26%         5    #####..
e - Ice Form              Ice/Tmut       ###.....     43%         4    ####...

Your spell library contained the following spells:

 Spells                   Type           Power        Failure   Level  Hunger


Dungeon Overview and Level Annotations

Branches:
Dungeon (6/15)
 Temple: D:4-7

Altars:
Kikubaaqudgha
Makhleb
Uskayaw
The Shining One


Innate Abilities, Weirdness & Mutations

You cannot wear most types of armour.
You are very stealthy in the water. (Stealth+)
((You are amphibious.))
You can wear up to eight rings at the same time.
((You can use your tentacles to constrict eight enemies at once.))
((Your skin changes colour to match your surroundings (Stealth+).))
((Your rubbery body absorbs attacks. (AC +1, EV +1)))
You tend to lose your temper in combat.


Message History

You pierce the wyvern zombie, but do no damage.
You tentacle-slap the wyvern zombie!
The wyvern zombie is heavily damaged.
The wyvern zombie bites you. The hound bites you but does no damage.
You tentacle-slap the wyvern zombie.
The wyvern zombie is heavily damaged.
The hound bites you. The wyvern zombie bites you!
You are too injured to fight recklessly!
Okay, then.
Unknown command.
Casting: Beastly Appendage (safe; 1% risk of failure)
Confirm with . or Enter, or press ? or * to list all spells.
Your tentacle spike disappears.
You turn into a venomous arachnid creature.
The hound bites you. The wyvern zombie bites you!
* * * LOW HITPOINT WARNING * * *
The hound bites you.
* * * LOW HITPOINT WARNING * * *
The wyvern zombie bites you.
You die...

#.....### #...........#
##......# #...........#
#..###.# #...........#
#...##.# #####.......#
#...##.###########.####
#...##.#.......# #.#
#.#.##.#.......###.######
#......#......h$W(.......#
###.####......Zs##.##.##.#
#.# #........##.# # #.#
#........##.. #.#
####.###)##.## #.# #.#
#.##.. #)# #.# #.....
#.#######.# ### W##
######### #.#.......#####
#. .......#
#.#............
#>##.#.##.#


You could see a phantom, a hound and a wyvern zombie.

Vanquished Creatures
  Pikel (D:5)
  Sigmund (D:2)
  Duvessa (D:5)
  3 water moccasins
  An orc warrior (D:6)
  2 ogres
  A phantom (D:4)
  A necrophage (D:5)
  2 centaurs (D:5)
  Dowan (D:5)
  A gnoll sergeant (D:6)
  A crimson imp (D:5)
  A centaur zombie (D:5)
  2 hounds
  2 jellies
  A gnoll shaman (D:4)
  8 orc priests
  A centaur skeleton (D:6)
  Jessica (D:2)
  3 bullfrog skeletons
  8 orc wizards
  Terence (D:2)
  5 worker ants
  A hound zombie (D:5)
  A worker ant zombie (D:5)
  6 gnolls
  4 adders
  A howler monkey skeleton (D:4)
  A river rat (D:6)
  3 shadow imps
  A white imp (D:4)
  An ooze (D:2)
  4 worms
  6 dart slugs
  3 leopard geckos
  22 orcs
  6 bats
  5 giant cockroaches
  9 goblins
  4 hobgoblins (D:1)
  5 quokkas
  7 frilled lizards
  A giant cockroach zombie (D:5)
  3 goblin skeletons (D:4)
  A goblin zombie (D:4)
  3 hobgoblin zombies (D:4)
  5 kobolds
  A kobold skeleton (D:4)
  An orc skeleton (D:4)
  An orc zombie (D:4)
  8 rats
163 creatures vanquished.

Vanquished Creatures (others)
  A human (D:4)
  A centaur skeleton (D:5)
  An adder (D:5)
  A plant (D:5)
4 creatures vanquished.

Grand Total: 167 creatures vanquished

Notes
Turn   | Place    | Note
-------+----------+-------------------------------------------
     0 | D:1      | Jynx the Octopode Transmuter began the quest for the Orb.
     0 | D:1      | Reached XP level 1. HP: 13/13 MP: 3/3
   160 | D:1      | Reached XP level 2. HP: 18/18 MP: 3/5
   546 | D:1      | Reached XP level 3. HP: 22/23 MP: 6/6
   700 | D:1      | Learned a level 2 spell: Sticks to Snakes
   704 | D:1      | Learned a level 3 spell: Spider Form
  1027 | D:2      | Noticed Sigmund
  1037 | D:2      | Killed Sigmund
  1037 | D:2      | Reached skill level 4 in Transmutations
  1037 | D:2      | Reached XP level 4. HP: 20/28 MP: 3/8
  1037 | D:2      | Reached XP level 5. HP: 24/33 MP: 3/9
  1235 | D:2      | Noticed Jessica
  1243 | D:2      | Killed Jessica
  1737 | D:2      | Reached XP level 6. HP: 35/38 MP: 10/10
  1756 | D:2      | Learned a level 5 spell: Blade Hands
  1960 | D:2      | Noticed Terence
  1969 | D:2      | Killed Terence
  2157 | D:3      | Reached skill level 5 in Transmutations
  2271 | D:3      | Found a burning altar of Makhleb.
  2985 | D:3      | Reached XP level 7. HP: 18/43 MP: 9/12
  3460 | D:4      | Gained mutation: You tend to lose your temper in combat.
                  | [miscasting Blade Hands]
  3733 | D:4      | Found a glowing golden altar of the Shining One.
  3976 | D:4      | Reached skill level 6 in Transmutations
  4091 | D:4      | Found an ancient bone altar of Kikubaaqudgha.
  4091 | D:4      | Noticed a human
  4095 | D:4      | Killed a human
  4630 | D:4      | Found a hide-covered altar of Uskayaw.
  4653 | D:4      | Reached XP level 8. HP: 20/48 MP: 12/14
  5392 | D:5      | Entered Level 5 of the Dungeon
  5771 | D:5      | Reached skill level 5 in Dodging
  5952 | D:5      | Noticed Pikel
  5970 | D:5      | Killed Pikel
  5970 | D:5      | Reached skill level 5 in Spellcasting
  5970 | D:5      | Reached skill level 7 in Transmutations
  5970 | D:5      | Reached XP level 9. HP: 20/53 MP: 14/17
  6309 | D:5      | Noticed Duvessa
  6309 | D:5      | Noticed Dowan
  6321 | D:5      | Killed Duvessa
  6328 | D:5      | Killed Dowan
  6425 | D:5      | Reached skill level 5 in Unarmed Combat
  6678 | D:5      | Got a vibrating emerald amulet
  6679 | D:5      | Identified the amulet of Trog's Generosity {Spirit *Corrode
                  | +Inv rPois} (You found it on level 5 of the Dungeon)
  6958 | D:5      | Reached skill level 8 in Transmutations
  7007 | D:5      | Learned a level 4 spell: Ice Form
  8862 | D:6      | Slain by a wyvern zombie

Skill      XL: |  1  2  3  4  5  6  7  8  9 |
---------------+----------------------------+-----
Dodging        | 3 4 5 6 |  6.1
Spellcasting   | 3 4 5 6 |  6.7
Transmutations | 4 5 6 7 8 |  8.6
Unarmed Combat | 4 5 |  5.6
Fighting       | |  1.0

Action                   |  1- 3 |  4- 6 |  7- 9 || total
-------------------------+-------+-------+-------++-------
Melee: Unarmed           |    54 |    77 |   367 ||   498
       Kick              |    10 |    16 |    44 ||    70
       Constrict         |    17 |    14 |    47 ||    78
       Tentacles         |     4 |     4 |    39 ||    47
       Punch             |       |       |     6 ||     6
 Cast: Beastly Appendage |    15 |    16 |    29 ||    60
       Spider Form       |     1 |     4 |    19 ||    24
       Blade Hands       |       |       |     7 ||     7
  Use: Scroll            |     1 |     1 |     3 ||     5
 Stab: Sleeping          |     6 |     3 |     5 ||    14
  Eat: Chunk             |       |     7 |    21 ||    28
       Ration            |       |       |     1 ||     1
Armor: Skin              |     4 |     2 |    10 ||    16
Dodge: Dodged            |    25 |    59 |   272 ||   356
